 Dungeon Crawl Stone Soup version 0.21.0-3-g78d12a8 (webtiles) character file.

141229 Jatast the Sharpshooter (level 16, 0/149 HPs)
             Began as a Centaur Hunter on Jan 8, 2018.
             Was a High Priest of Okawaru.
             Killed from afar by a thorn hunter (21 damage)
             ... with a volley of thorns
             ... on level 4 of the Swamp.
             The game lasted 02:18:34 (40376 turns).

Jatast the Sharpshooter (Centaur Hunter)           Turns: 40376, Time: 02:18:35

Health: 0/149      AC: 22    Str: 18    XL:     16   Next: 77%
Magic:  22/22      EV:  7    Int: 10    God:    Okawaru [*****.]
Gold:   1767       SH:  0    Dex: 14    Spells: 15/15 levels left

rFire    . . .     SeeInvis .   a - +1 triple crossbow (flame)
rCold    + + .     Gourm    .   (shield currently unavailable)
rNeg     . . .     Faith    .   i - +3 ring mail {rF+}
rPois    +         Spirit   .   (no helmet)
rElec    .         Reflect  .   T - +0 cloak {rC+}
rCorr    .         Harm     .   p - +2 pair of gloves {archery}
MR       +++..                  U - +2 centaur barding {Fly}
Stlth    +.........             B - amulet of regeneration
HPRegen  0.74/turn              J - ring "Imuoly" {Ice MR++ Slay+2}
MPRegen  0.18/turn              G - ring of poison resistance

@: flying, very quick
A: large, hooves 3, deformed body, speed 2, tough skin 3
a: Heroism, Finesse, Renounce Religion, Stop Flying


You were on level 4 of the Swamp.
You worshipped Okawaru.
Okawaru was extremely pleased with you.
You were not hungry.

You visited 5 branches of the dungeon, and saw 28 of its levels.
You visited 1 bazaar.
You also visited: Labyrinth, Bailey, Ice Cave and Volcano.

You collected 3278 gold pieces.
You spent 1511 gold pieces at shops.

Inventory:

Hand Weapons
 a - a +1 triple crossbow of flaming (weapon)
 b - a +1 lajatang of venom
Missiles
 y - 164 bolts (quivered)
 K - 4 throwing nets
Armour
 i - a +3 ring mail of fire resistance (worn)
 p - a +2 pair of gloves of archery (worn)
 Q - a +1 centaur barding of fire resistance
 T - a +0 cloak of cold resistance (worn)
 U - a +2 centaur barding of flying (worn)
Jewellery
 n - an uncursed ring of resist corrosion
 t - an uncursed ring of protection from fire
 B - an amulet of regeneration (around neck)
 G - a ring of poison resistance (right hand)
 J - the ring "Imuoly" (left hand) {Ice MR++ Slay+2}
   (You bought it in a shop in a bazaar)

   [ring of ice]

   It enhances your ice magic.
   It affects your accuracy and damage with ranged weapons and melee attacks
   (+2).
   It makes you vulnerable to fire.
   It protects you from cold.
   It affects your resistance to hostile enchantments.
 L - a cursed ring of loudness {unknown}
Wands
 d - a wand of digging (28)
 s - a wand of random effects (16)
 w - a wand of scattershot (4)
 z - a wand of acid (42)
 F - a wand of iceblast (46)
Scrolls
 g - 12 scrolls of remove curse
 h - 11 scrolls of identify
 k - 2 scrolls of enchant armour
 o - 2 scrolls of fog
 D - 7 scrolls of teleportation
 E - 2 scrolls of amnesia
 M - 2 scrolls of magic mapping
Potions
 c - 5 potions of lignification
 e - 6 potions of haste
 j - 2 potions of might
 l - a potion of resistance
 m - 2 potions of cancellation
 r - 2 potions of agility
 u - 3 potions of magic
 v - 4 potions of invisibility
 x - a potion of brilliance
 A - 4 potions of berserk rage
 C - 9 potions of curing
 H - 8 potions of flight
 O - a potion of mutation
 W - a potion of ambrosia
Miscellaneous
 I - a phantom mirror
Comestibles
 f - 45 rations


   Skills:
 + Level 15.0 Fighting
 + Level 13.1 Staves
 + Level 19.1 Crossbows
 + Level 8.0 Armour
 - Level 1.3 Dodging
 - Level 0.4 Stealth
 - Level 2.1 Unarmed Combat
 - Level 8.0 Invocations


You had 15 spell levels left.
You didn't know any spells.

Dungeon Overview and Level Annotations

Branches:
Dungeon (15/15)            Temple (1/1) D:4            Lair (6/6) D:11
  Swamp (4/4) Lair:3       Spider (0/4) Lair:3        Slime (0/5) Lair:6
    Orc (2/2) D:12            Elf (0/3) Orc:2        Vaults (0/5) D:13
 Depths (0/5) D:15

Altars:
Ashenzari
Cheibriados
Dithmenos
Elyvilon
Fedhas
Gozag
Hepliaklqana
Kikubaaqudgha
Makhleb
Nemelex Xobeh
Okawaru
Qazlal
Ru
Sif Muna
Trog
Uskayaw
Vehumet
Wu Jian
Xom
Yredelemnul
Zin
The Shining One
Beogh

Shops:
D:5 }   D:6 %   D:8 }   D:13 ?   Orc:2 :*%}:

Annotations:
D:14 1 transporter
Swamp:1 1 transporter


Innate Abilities, Weirdness & Mutations

You have hooves in place of feet.
Armour fits poorly on your strangely shaped body.
You cover ground very quickly.
You have extremely tough skin. (AC +3)


Message History

The eight-headed hydra bites you!
* * * LOW HITPOINT WARNING * * *
The eight-headed hydra barely misses you.
Found 21 gold pieces.
Found 15 gold pieces.
A swamp worm bursts forth from the water.
The swamp worm bites you!
* * * LOW HITPOINT WARNING * * *
The swamp worm bites you but does no damage.
The swamp worm bites you.
* * * LOW HITPOINT WARNING * * *
The eight-headed hydra barely misses you.
The eight-headed hydra closely misses you.
The eight-headed hydra bites you but does no damage. x6
Found 11 gold pieces.
You see here 11 gold pieces.
A thorn hunter comes into view.
The thorn hunter fires a volley of thorns at you.
The volley of thorns hits you!
You die...

♣((§§§....♣
≈≈..♣....§≈≈≈≈.♣♣♣
≈≈≈♣≈[≈≈≈≈≈≈≈.≈♣
♣f≈≈.≈≈≈≈≈(≈≈§♣♣ #♣
♣♣♣♣≈.≈.≈§≈≈≈(≈.♣♣♣♣♣ .♣..♣
♣≈.≈≈♣≈..≈≈≈≈≈≈≈...≈
≈...♣♣♣♣♣$...♣♣≈≈≈≈≈≈≈≈(.≈.
≈≈≈...≈≈≈.≈≈..≈.≈♣.≈≈≈.≈(≈♣♣
≈≈≈≈≈.≈≈≈≈.w≈D..@....≈≈≈≈≈≈♣
≈≈≈≈≈≈≈≈≈≈.♣$.♣♣♣♣♣♣.≈≈≈D≈<♣
≈≈≈≈≈≈≈≈≈≈.♣♣♣♣ ♣.≈≈(§§≈♣
≈≈≈≈≈≈≈≈≈≈≈♣ ... ♣≈.(§§♣♣♣
≈≈≈≈≈≈≈≈≈.♣♣ ≈≈≈ ♣≈≈.≈§≈
.≈≈≈≈≈≈..♣♣ ≈≈≈§ ♣♣.≈≈.≈
..≈≈≈≈.♣♣♣♣ ≈≈≈≈? ≈..≈≈♣.≈
.≈≈≈≈(♣...♣♣≈≈≈≈. ♣≈..♣≈ §≈
≈≈≈≈≈≈.≈≈≈≈≈≈.≈♣ ♣♣♣.≈≈ ...


You could see a thorn hunter, an eight-headed hydra and a swamp worm.

Vanquished Creatures
  Donald (Swamp:3)
  2 thorn hunters
  An orc warlord (Orc:2)
  A red draconian (Volcano)
  Snorg (Lair:4)
  An ettin (Orc:2)
  A minotaur (Lab)
  Josephine (Lair:4)
  Fannar (D:10)
  13 hydras
  3 catoblepae (Lair:6)
  Harold (Lair:4)
  6 centaur warriors
  A death knight (D:15)
  17 two-headed ogres
  6 alligators
  A tengu warrior (D:14)
  7 death yaks (Lair:6)
  3 ogre magi
  Urug (Lair:5)
  5 spriggans
  A deep elf knight (D:13)
  Sonja (Lair:1)
  A fire crab (shapeshifter) (D:15)
  2 spark wasp zombies (D:15)
  A flayed ghost (D:15)
  2 skeletal warriors (D:15)
  3 unseen horrors
  A spriggan druid (Swamp:3)
  2 orc knights
  2 deep trolls (Orc:2)
  Pikel (D:8)
  2 necromancers
  4 swamp dragons
  A wolf spider zombie (D:12)
  3 orc sorcerers
  4 cyclopes
  4 deep elf magi
  7 ugly things
  4 oklob plants
  3 manticores
  Maurice (D:8)
  2 black mambas
  6 centaur zombies
  An ice statue (IceCv)
  2 gargoyles (D:15)
  15 spiny frogs
  A yaktaur zombie (D:15)
  2 rime drakes
  2 yaktaurs (Volcano)
  9 komodo dragons
  The ghost of komo4ek the Covered, a novice GrFi (D:6)
  11 freezing wraiths
  2 kobold demonologists
  A tengu conjurer (D:14)
  3 meliai (D:15)
  2 jumping spiders (Lair:3)
  12 trolls
  5 hornets
  6 tyrant leeches
  2 minotaur zombies (Lab)
  16 blink frogs
  Grinder (D:3)
  5 bog bodies
  11 hippogriffs
  A deep troll zombie (D:15)
  8 slime creatures
  3 shadows
  2 vampires
  6 redbacks (Lair:3)
  6 wraiths
  A wyvern (D:12)
  39 yaks
  A human (shapeshifter) (D:15)
  2 basilisks (Lair:6)
  A steam dragon (D:12)
  A death yak simulacrum (IceCv)
  2 hungry ghosts
  13 vampire mosquitoes
  Menkaure (D:5)
  2 acid dragons
  5 water moccasins
  5 insubstantial wisps (Swamp:3)
  16 swamp worms
  2 wargs
  Duvessa (D:7)
  4 porcupines
  25 orc warriors
  10 swamp drakes
  2 black bears
  A necrophage (D:8)
  2 phantoms
  3 sky beasts
  7 ice beasts
  25 ogres
  An alligator simulacrum (IceCv)
  3 wolves (Lair:2)
  18 centaurs
  5 crocodiles
  6 big kobolds
  14 bullfrogs
  The ghost of tidbits the Sneak, an amateur FeAE (D:5)
  Dowan (D:7)
  A wyvern skeleton (D:12)
  6 scorpions
  An elephant simulacrum (IceCv)
  12 killer bees (D:10)
  14 wights
  11 electric eels (Lair:3)
  5 howler monkeys
  3 bullfrog zombies
  4 draconian simulacra (IceCv)
  2 quasits
  7 crimson imps
  2 hounds
  7 jellies
  12 orc priests
  2 bullfrog skeletons
  13 orc wizards
  3 centaur skeletons
  4 iguanas
  14 worker ants
  Natasha (thrice) (D:3)
  5 troll simulacra (IceCv)
  A polar bear simulacrum (IceCv)
  A spriggan simulacrum (IceCv)
  A killer bee zombie (D:6)
  2 hound zombies
  3 worker ant zombies
  9 gnolls
  18 adders
  7 naga simulacra (IceCv)
  3 ogre simulacra (IceCv)
  A river rat (D:6)
  5 shadow imps
  12 white imps (IceCv)
  4 oozes
  An adder skeleton (D:4)
  5 worms
  2 dart slugs (D:1)
  The ghost of p0werm0de the Caller, a weakling OpSu (D:4)
  5 leopard geckos
  94 orcs
  4 bats
  5 giant cockroaches
  14 goblins
  14 hobgoblins
  13 jackals
  2 quokkas (D:6)
  5 frilled lizards
  24 kobolds
  A quokka zombie (D:6)
  6 rats
  2 briar patches (Swamp:2)
  3 plants
887 creatures vanquished.

Vanquished Creatures (collateral kills)
  A centaur (Bailey)
  A hobgoblin (Bailey)
2 creatures vanquished.

Vanquished Creatures (others)
  An orc warrior (D:13)
  A slave (D:8)
  2 briar patches (Swamp:2)
  3 fungi (Lair:6)
  9 plants
  15 withered plants (D:15)
31 creatures vanquished.

Grand Total: 920 creatures vanquished

Notes
Turn   | Place    | Note
-------+----------+-------------------------------------------
     0 | D:1      | Jatast the Centaur Hunter began the quest for the Orb.
     0 | D:1      | Reached XP level 1. HP: 17/17 MP: 1/1
   230 | D:1      | Reached XP level 2. HP: 25/25 MP: 2/2
   687 | D:1      | Reached skill level 5 in Crossbows
   687 | D:1      | Reached XP level 3. HP: 26/30 MP: 3/3
  1418 | D:2      | Reached XP level 4. HP: 28/38 MP: 4/4
  2287 | D:3      | Reached XP level 5. HP: 44/46 MP: 5/5
  2384 | D:3      | Reached skill level 6 in Crossbows
  2454 | D:3      | Noticed Grinder
  2752 | D:3      | Noticed Natasha
  2763 | D:3      | Killed Natasha
  2854 | D:3      | Noticed Natasha
  2862 | D:3      | Killed Natasha
  2862 | D:3      | Reached XP level 6. HP: 53/53 MP: 6/6
  3188 | D:3      | Noticed Natasha
  3205 | D:3      | Killed Natasha
  3436 | D:3      | Killed Grinder
  3436 | D:3      | Reached skill level 5 in Fighting
  3436 | D:3      | Reached skill level 7 in Crossbows
  3436 | D:3      | Reached XP level 7. HP: 61/61 MP: 7/7
  4352 | D:4      | Noticed p0werm0de's ghost (weakling OpSu)
  4355 | D:4      | Killed p0werm0de's ghost
  4790 | D:4      | Found a blossoming altar of Fedhas.
  5527 | D:4      | Found a staircase to the Ecumenical Temple.
  5685 | D:4      | Reached skill level 8 in Crossbows
  5821 | D:5      | Entered Level 5 of the Dungeon
  6749 | D:5      | Noticed tidbits's ghost (amateur FeAE)
  6807 | D:5      | Killed tidbits's ghost
  6807 | D:5      | Reached XP level 8. HP: 62/71 MP: 8/8
  6899 | D:5      | Found Ynimahos's Gadget Shoppe.
  7318 | D:5      | Found a stormy altar of Qazlal.
  7527 | Temple   | Entered the Ecumenical Temple
  7736 | Temple   | Became a worshipper of Warmaster Okawaru
  7859 | D:5      | Noticed Menkaure
  7868 | D:5      | Killed Menkaure
  7868 | D:5      | Reached skill level 9 in Crossbows
  8453 | D:6      | Noticed komo4ek's ghost (novice GrFi)
  8883 | D:6      | Found a shattered altar of Ashenzari.
  9482 | D:6      | Found Humpoll's Food Shoppe.
  9615 | D:6      | Found a shattered altar of Ashenzari.
 10176 | D:6      | Killed komo4ek's ghost
 10176 | D:6      | Reached skill level 10 in Crossbows
 10762 | D:6      | Reached XP level 9. HP: 70/82 MP: 9/9
 11098 | D:7      | Found a bloodstained altar of Trog.
 11099 | D:7      | Found a sacrificial altar of Ru.
 11142 | D:7      | Reached skill level 1 in Unarmed Combat
 11212 | D:7      | Found a sand-covered staircase.
 11213 | D:7      | Noticed Duvessa
 11215 | D:7      | Noticed Dowan
 11843 | D:7      | Killed Duvessa
 11849 | D:7      | Killed Dowan
 12354 | D:7      | Reached * piety under Okawaru
 12427 | D:7      | Reached skill level 1 in Invocations
 12626 | D:7      | Found an ancient bone altar of Kikubaaqudgha.
 12942 | D:8      | Found Hypsaunt's Gadget Shop.
 13015 | D:8      | Noticed a two-headed ogre
 13072 | D:8      | Killed a two-headed ogre
 13072 | D:8      | Reached ** piety under Okawaru
 13072 | D:8      | Reached skill level 11 in Crossbows
 13107 | D:8      | Noticed Maurice
 13129 | D:8      | Found a shimmering altar of Xom.
 13137 | D:8      | Noticed Pikel
 13353 | D:8      | Reached skill level 5 in Invocations
 13489 | D:8      | Killed Pikel
 13489 | D:8      | Reached *** piety under Okawaru
 13489 | D:8      | Reached XP level 10. HP: 68/88 MP: 13/15
 13547 | D:8      | Found a flagged portal.
 13563 | Bailey   | Entered a bailey
 15549 | Bailey   | HP: 3/90 [centaur/halberd (11)]
 15594 | Bailey   | HP: 3/90 [centaur/halberd (10)]
 15604 | Bailey   | HP: 3/90 [centaur/halberd (10)]
 16260 | Bailey   | Reached skill level 12 in Crossbows
 16872 | D:8      | Found an opulent altar of Gozag.
 16956 | D:8      | Found a shimmering altar of Xom.
 17063 | D:8      | Killed Maurice
 17448 | D:9      | Noticed a two-headed ogre
 17475 | D:9      | Killed a two-headed ogre
 17475 | D:9      | Reached skill level 13 in Crossbows
 17779 | D:10     | Entered Level 10 of the Dungeon
 17783 | D:10     | Reached **** piety under Okawaru
 17816 | D:10     | Received a gift from Okawaru
 17845 | D:10     | Received a gift from Okawaru
 17852 | D:10     | Reached XP level 11. HP: 59/95 MP: 17/17
 17857 | D:10     | Reached skill level 14 in Crossbows
 17969 | D:10     | Killed an unseen horror
 18151 | D:10     | Noticed Fannar
 18168 | D:10     | You fall through a shaft for 3 floors!
 18371 | D:13     | Found Vufeujo's Magic Scroll Boutique.
 18470 | D:13     | Found a basalt altar of Yredelemnul.
 18489 | D:13     | Found a flickering gateway to a bazaar.
 18533 | Bazaar   | Entered a bazaar
 18535 | Bazaar   | Found Etoxen's Distillery.
 18539 | Bazaar   | Found Dour Jene's Book Boutique.
 18539 | Bazaar   | Found Mujono's Assorted Antiques.
 18539 | Bazaar   | Found Ciereg's Distillery.
 18570 | Bazaar   | Bought a faintly glowing golden ring for 90 gold pieces
 18580 | Bazaar   | Bought a potion of heal wounds for 60 gold pieces
 18580 | Bazaar   | Bought a potion of mutation for 96 gold pieces
 18580 | Bazaar   | Bought a potion of heal wounds for 60 gold pieces
 18580 | Bazaar   | Bought a potion of invisibility for 96 gold pieces
 18588 | Bazaar   | Bought a potion of haste for 90 gold pieces
 18588 | Bazaar   | Bought a potion of curing for 27 gold pieces
 18588 | Bazaar   | Bought a potion of might for 36 gold pieces
 18588 | Bazaar   | Bought a potion of heal wounds for 45 gold pieces
 18588 | Bazaar   | Bought a potion of curing for 27 gold pieces
 18678 | D:13     | Identified the ring "Imuoly" {Ice MR++ Slay+2} (You bought it in a shop in a bazaar)
 18682 | D:12     | Found a stormy altar of Qazlal.
 18770 | D:10     | Reached skill level 15 in Crossbows
 18775 | D:10     | Reached skill level 1 in Staves
 18883 | D:10     | Killed Fannar
 19291 | D:10     | Received a gift from Okawaru
 20153 | D:11     | Noticed an oklob plant
 20232 | D:11     | Found a staircase to the Lair.
 20443 | D:11     | Killed an oklob plant
 20496 | Lair:1   | Entered Level 1 of the Lair of Beasts
 20503 | Lair:1   | Reached XP level 12. HP: 105/105 MP: 18/18
 20598 | Lair:1   | Noticed a four-headed hydra
 20602 | Lair:1   | Killed a four-headed hydra
 20602 | Lair:1   | Reached ***** piety under Okawaru
 20649 | Lair:1   | Noticed Sonja
 20659 | Lair:1   | Killed Sonja
 20673 | Lair:1   | Found a frozen archway.
 20684 | Lair:1   | Reached XP level 13. HP: 113/113 MP: 19/19
 20704 | IceCv    | Entered an ice cave
 20815 | IceCv    | Reached skill level 10 in Fighting
 21067 | IceCv    | Found an ancient bone altar of Kikubaaqudgha.
 21137 | IceCv    | Received a gift from Okawaru
 21137 | IceCv    | Reached skill level 16 in Crossbows
 21581 | Lair:1   | Received a gift from Okawaru
 21929 | Lair:1   | Received a gift from Okawaru
 22854 | Lair:2   | You fall through a shaft for 2 floors!
 22927 | Lair:4   | Noticed Snorg
 23516 | Lair:3   | Received a gift from Okawaru
 23799 | Lair:3   | Found a staircase to the Swamp.
 24064 | Lair:3   | Reached skill level 10 in Staves
 24227 | Lair:3   | Found a hole to the Spider Nest.
 25080 | Lair:4   | Killed Snorg
 25092 | Lair:4   | Noticed Josephine
 25097 | Lair:4   | Killed Josephine
 25097 | Lair:4   | Received a gift from Okawaru
 25290 | Lair:4   | Noticed Harold
 25301 | Lair:4   | Killed Harold
 25301 | Lair:4   | Reached XP level 14. HP: 125/125 MP: 13/20
 25647 | Lair:4   | Reached skill level 17 in Crossbows
 25849 | Lair:5   | Noticed Urug
 25856 | Lair:5   | Killed Urug
 26530 | Lair:6   | Entered Level 6 of the Lair of Beasts
 26732 | Lair:6   | Reached skill level 1 in Armour
 27313 | Lair:6   | Received a gift from Okawaru
 27843 | Lair:6   | Found a staircase to the Slime Pits.
 27996 | Lair:6   | Reached ****** piety under Okawaru
 29477 | D:12     | Found a staircase to the Orcish Mines.
 29618 | D:13     | Bought a scroll of acquirement for 884 gold pieces
 29619 | D:13     | Got a slimy hat
 29625 | D:13     | Identified the +1 hat of Pocy {*Drain rPois MR- MP+9} (You acquired it on level 13 of the Dungeon)
 29791 | D:13     | Received a gift from Okawaru
 29989 | D:13     | Found a sacrificial altar of Ru.
 30059 | D:13     | Found a roughly hewn altar of Beogh.
 30531 | D:13     | Found a gate to the Vaults.
 30977 | D:14     | Reached XP level 15. HP: 135/135 MP: 21/21
 31168 | D:14     | Reached skill level 18 in Crossbows
 31375 | D:14     | Found a bloodstained altar of Trog.
 31376 | D:14     | Found the cursed necklace of Bloodlust {*Rage +Rage MR++ Int-3 Slay+6 *Curse}
 31595 | D:14     | Received a gift from Okawaru
 31658 | D:14     | Reached skill level 5 in Armour
 31673 | D:14     | Found a transporter.
 32390 | D:15     | Entered Level 15 of the Dungeon
 32633 | D:15     | Received a gift from Okawaru
 32873 | D:15     | Received a gift from Okawaru
 33679 | D:15     | Found a staircase to the Depths.
 34241 | Orc:1    | Entered Level 1 of the Orcish Mines
 34438 | Orc:2    | Entered Level 2 of the Orcish Mines
 34493 | Orc:2    | Found a labyrinth entrance.
 34530 | Orc:2    | Received a gift from Okawaru
 34587 | Orc:2    | Received a gift from Okawaru
 34619 | Orc:2    | Found Luup's Food Emporium.
 34621 | Orc:2    | Found Gaxih's Gadget Boutique.
 34629 | Lab      | Entered a labyrinth
 34838 | Lab      | Reached XP level 16. HP: 101/146 MP: 22/22
 34865 | Lab      | Got a dazzling ring mail
 34926 | Orc:2    | Found a dark tunnel.
 34932 | Volcano  | Entered a volcano
 34935 | Volcano  | Identified the +0 ring mail of the Sturgeon {Str+4 Dex-4} (You found it in a labyrinth)
 35544 | Orc:2    | Found Tovar's Book Shoppe.
 35639 | Orc:2    | Found Koathea's General Store.
 35718 | Orc:2    | Found a staircase to the Elven Halls.
 35950 | Orc:2    | Found Ymink's Book Emporium.
 36219 | Orc:2    | Received a gift from Okawaru
 36818 | Swamp:1  | Entered Level 1 of the Swamp
 37349 | Swamp:1  | Found a transporter.
 37599 | Swamp:1  | Found a transporter.
 38209 | Swamp:2  | Received a gift from Okawaru
 38218 | Swamp:2  | Noticed a thorn hunter
 38704 | Swamp:2  | Killed a thorn hunter
 38990 | Swamp:3  | Noticed a thorn hunter
 38995 | Swamp:3  | Killed a thorn hunter
 39155 | Swamp:3  | Reached skill level 19 in Crossbows
 39225 | Swamp:3  | HP: 3/147 [alligator (12)]
 39236 | Swamp:3  | Noticed Donald
 39428 | Swamp:3  | Killed Donald
 39812 | Swamp:4  | Entered Level 4 of the Swamp
 39908 | Swamp:3  | Received a gift from Okawaru
 40128 | Swamp:4  | Reached skill level 15 in Fighting
 40266 | Swamp:4  | Received a gift from Okawaru
 40374 | Swamp:4  | Noticed a thorn hunter
 40376 | Swamp:4  | Killed from afar by a thorn hunter

Skill      XL: |  1  2  3  4  5  6  7  8  9 10 11 12 13 14 15 16 |
---------------+-------------------------------------------------+-----
Crossbows      | 5 6 7 8 10 11 13 15 16 17 18 19 | 19.1
Fighting       | 3 4 5 6 8 9 11 13 14 15 | 15.0
Unarmed Combat | 2 |  2.1
Invocations    | 6 8 |  8.0
Staves         | 8 10 11 12 13 | 13.1
Armour         | 4 6 8 |  8.0
Dodging        | |  1.3
Stealth        | |  0.4

Action                   |  1- 3 |  4- 6 |  7- 9 | 10-12 | 13-15 | 16-18 || total
-------------------------+-------+-------+-------+-------+-------+-------++-------
Melee: Short sword       |    50 |   133 |   540 |   288 |       |       ||  1011
       Kick              |     9 |    32 |   190 |   262 |   163 |    61 ||   717
       Unarmed           |       |       |   178 |     6 |     3 |       ||   187
       Punch             |       |       |     1 |     8 |     2 |       ||    11
       Quarterstaff      |       |       |       |   470 |   160 |       ||   630
       Staff             |       |       |       |       |    22 |       ||    22
       Lajatang          |       |       |       |       |   334 |   183 ||   517
 Fire: Hand crossbow     |    47 |    43 |    42 |       |       |       ||   132
       Arbalest          |       |       |       |    77 |   539 |       ||   616
       Triple crossbow   |       |       |       |       |   192 |   241 ||   433
Throw: Javelin           |       |       |       |    18 |       |       ||    18
       Throwing net      |       |       |       |     2 |     2 |       ||     4
Invok: Heroism           |       |       |       |    21 |    22 |     8 ||    51
       Finesse           |       |       |       |       |     7 |     1 ||     8
Evoke: Wand              |       |       |    13 |    44 |     6 |     1 ||    64
  Use: Potion            |       |     1 |     4 |     4 |       |     5 ||    14
       Scroll            |       |       |    20 |     4 |     5 |     3 ||    32
 Stab: Held in net/web   |       |       |       |     1 |       |       ||     1
       Sleeping          |       |       |       |       |     1 |       ||     1
  Eat: Chunk             |     1 |     5 |    17 |    17 |    33 |    10 ||    83
       Ration            |       |       |     5 |     1 |     2 |     1 ||     9
Armor: Leather armour    |    14 |    19 |   112 |       |       |       ||   145
       Chain mail        |       |       |   117 |   448 |       |       ||   565
       Troll leather arm |       |       |       |    44 |   256 |     9 ||   309
       Ring mail         |       |       |       |       |       |   210 ||   210
Dodge: Dodged            |    23 |    26 |   215 |   301 |   183 |   106 ||   854
